Map: [ESL] Hecate

Players

HeroMarine - Winner!

  • Race: Terran Terran
  • Spawn Location: 7:00

Elazer

  • Race: Zerg Zerg
  • Spawn Location: 1:00

Event: ESL SC2 Masters 2023 Winter (Regional)

VOD

Have the link to the VOD?

Description

Time

  • Played on: Nov. 16, 2023, 11:07 a.m.
  • Length: 21:51

All games in this series

Show
View Real Time Build Order
Export as new Build Order

HeroMarine Terran - Winner!

Build Orders: Reaper Expand 

Get SALT Encoding   

  12  0:00  SCV  
  13  0:12  SCV  
  14  0:16  Supply Depot  
  14  0:24  SCV  
  15  0:38  SCV  
  15  0:40  Barracks  
  16  0:43  Refinery  
  16  0:50  SCV  
  17  1:02  SCV  
  18  1:14  SCV  
  19  1:26  Reaper  
  19  1:27  Orbital Command  
  20  1:39  Command Center  
  20  1:47  Supply Depot  
  20  1:52  SCV  
  21  1:58  Marine  
  22  2:04  SCV  
  23  2:10  Factory  
  23  2:16  SCV  
  23  2:20  Barracks Reactor  
  24  2:28  SCV  
  25  2:39  Command Center  
  25  2:40  SCV  
  26  2:51  Orbital Command  
  26  2:53  SCV  
  27  3:05  Hellion x2, SCV  
  32  3:07  Barracks Tech Lab  
  32  3:09  Barracks  
  32  3:17  SCV x2  
  34  3:26  Stimpack, Hellion x2  
  38  3:27  Marine  
  38  3:30  SCV x2  
  41  3:36  Refinery  
  41  3:42  SCV  
  41  3:43  SCV  
  41  3:45  Marine  
  44  3:51  Orbital Command  
  44  3:54  SCV  
  44  3:55  SCV, Starport  
  46  4:00  Refinery  
  46  4:02  Factory Reactor, Marine  
  46  4:03  Marine x2  
  46  4:06  SCV  
  46  4:07  SCV  
  51  4:12  Supply Depot  
  51  4:18  SCV x2  
  51  4:19  SCV  
  51  4:20  Marine x2  
  51  4:21  Marine  
  57  4:29  Supply Depot  
  57  4:30  SCV x2  
  60  4:31  SCV  
  60  4:38  Marine x3  
  60  4:40  Supply Depot  
  60  4:42  Medivac x2, SCV x2  
  69  4:46  Refinery  
  69  4:50  SCV  
  69  4:52  Supply Depot  
  70  4:54  Factory Tech Lab  
  70  4:56  SCV, Marine x3  
  75  5:02  Engineering Bay  
  75  5:04  Engineering Bay  
  75  5:05  Orbital Command, SCV  
  75  5:09  SCV  
  75  5:14  Marine x3  
  76  5:17  SCV  
  76  5:21  SCV  
  81  5:24  Barracks  
  81  5:25  Starport Reactor  
  81  5:27  Siege Tank  
  84  5:29  SCV  
  84  5:31  Marine, Supply Depot  
  84  5:32  Marine x2  
  84  5:33  Supply Depot, SCV  
  84  5:34  Terran Infantry Weapons Level 1  
  84  5:35  SCV  
  90  5:37  Terran Infantry Armor Level 1  
  90  5:44  SCV  
  90  5:45  SCV  
  90  5:47  SCV  
  93  5:53  Marine x2  
  93  5:56  Supply Depot x2, SCV  
  95  5:57  SCV  
  95  5:58  Marine  
  95  5:59  Combat Shield, SCV  
  95  6:00  Siege Tank  
  100  6:05  Medivac  
  100  6:06  Medivac  
  100  6:08  SCV  
  100  6:09  SCV  
  100  6:10  Marine x2  
  100  6:11  SCV  
  109  6:17  Marine x3  
  112  6:19  Supply Depot  
  112  6:20  SCV  
  112  6:21  SCV  
  112  6:25  Barracks x2  
  114  6:26  SCV  
  114  6:28  Marine x2  
  116  6:35  Marine  
  116  6:37  Siege Tank  
  116  6:38  Marine  
  121  6:41  Medivac x2, Marauder  
  121  6:42  SCV x3  
  121  6:44  Refinery  
  121  6:45  Refinery  
  121  6:46  Marine x2  
  131  6:53  Marine  
  132  6:55  Supply Depot  
  132  6:56  Marine, Supply Depot  
  132  7:01  Marine  
  132  7:07  Bunker  
  132  7:08  Supply Depot  
  133  7:10  Supply Depot  
  133  7:11  Armory  
  133  7:14  Barracks Reactor  
  133  7:15  Barracks Reactor  
  133  7:16  Medivac x2, Marine x2, SCV x2  
  133  7:17  SCV, Marine x2  
  133  7:19  Marine  
  140  7:32  Siege Tank  
  140  7:34  Marine x2  
  140  7:35  Marine x2  
  143  7:38  Marauder  
  143  7:42  Command Center  
  145  7:48  Supply Depot x2  
  145  7:51  Marine x2  
  145  7:53  Marine x4  
  145  7:54  Marine x2  
  145  7:57  SCV x2  
  155  7:58  Marine  
  155  7:59  Missile Turret, SCV  
  155  8:00  Terran Infantry Weapons Level 2, Terran Infantry Armor Level 2  
  155  8:02  Terran Vehicle Weapons Level 1  
  157  8:09  Factory, Marine x2  
  157  8:10  Siege Tank, Marine x3  
  157  8:11  Marine  
  162  8:20  Marine x2  
  162  8:21  Marine  
  165  8:27  Marine x2  
  165  8:33  Marine  
  155  8:40  Marine x2  
  154  8:42  Siege Tank, Marine x2  
  154  8:43  Marine x2  
  154  8:45  Marine  
  154  8:47  Marine  
  155  8:50  SCV x2  
  155  8:51  Marine, SCV  
  155  8:53  Barracks  
  155  8:54  Barracks x2  
  151  8:57  Marine  
  151  8:58  Marine  
  151  8:59  Marine  
  151  9:00  Marine x2  
  151  9:02  Medivac x2  
  155  9:04  SCV x2  
  155  9:05  SCV  
  155  9:07  Marine  
  155  9:08  Factory Tech Lab  
  157  9:10  Marauder, Marine x2  
  157  9:15  Marine x2  
  160  9:17  Marine x2  
  160  9:18  Sensor Tower, Marine  
  160  9:19  Siege Tank, Sensor Tower  
  166  9:25  Marine  
  166  9:27  Concussive Shells  
  166  9:28  Marine x2  
  168  9:31  Marine  
  168  9:32  Medivac x2  
  168  9:33  Marine  
  168  9:35  Marine x2  
  172  9:39  Marine x2  
  161  9:46  Barracks Tech Lab x3, Marine x2  
  161  9:47  Marine  
  161  9:49  Marauder  
  161  9:51  Marine  
  161  9:52  Orbital Command  
  161  9:53  Marine x2  
  161  9:54  Siege Tank x2  
  161  9:59  Terran Vehicle Weapons Level 2  
  169  10:00  Ghost Academy  
  169  10:01  SCV x2  
  169  10:02  SCV  
  172  10:08  Marauder  
  172  10:09  Marine x2, Marauder x2  
  172  10:11  Marauder  
  153  10:30  Marauder  
  153  10:31  Marauder x2, Marine x2  
  153  10:32  Marauder, Medivac x2  
  153  10:33  Siege Tank x2  
  153  10:34  Marine x3  
  170  10:36  Marine x3  
  170  10:48  Marine  
  170  10:49  Marine  
  165  10:51  Marauder  
  165  10:52  Marauder x2  
  165  10:54  Marauder  
  167  10:58  Command Center  
  167  11:02  Medivac x2  
  171  11:05  Siege Tank  
  171  11:06  Terran Infantry Weapons Level 3  
  174  11:13  Marauder  
  174  11:18  Marauder x3  
  178  11:21  Terran Infantry Armor Level 3, Refinery  
  178  11:22  Marine, Refinery  
  178  11:23  Command Center, Marine x3  
  178  11:24  Marine x2  
  184  11:27  Widow Mine  
  184  11:28  Marine x2  
  184  11:30  Drilling Claws  
  188  11:34  Marauder  
  188  11:37  Widow Mine  
  188  11:39  Marauder, Marine x2  
  193  11:48  Widow Mine, Marine  
  193  11:49  Marine x2  
  190  11:55  Marauder  
  190  11:57  Marauder  
  190  12:00  Marauder  
  168  12:03  Marine, Marauder  
  168  12:04  Marine  
  168  12:06  Siege Tank  
  168  12:09  Siege Tank  
  168  12:13  Medivac x2  
  168  12:14  Orbital Command  
  171  12:17  Marauder  
  171  12:18  Command Center, Marauder  
  171  12:21  Marine x2  
  171  12:22  Marauder  
  179  12:24  Marauder, Marine x2  
  179  12:25  Marine x3  
  179  12:26  Marine  
  183  12:38  Siege Tank, Marauder  
  183  12:40  Marauder  
  183  12:43  Widow Mine  
  192  12:45  Marauder  
  192  12:46  Marauder  
  192  12:49  Marine  
  192  12:50  Marine x2  
  187  12:51  Marine x3  
  187  12:57  Marine x2  
  183  12:59  Marauder  
  183  13:04  Widow Mine  
  171  13:10  Siege Tank  
  171  13:12  Marauder x2, Marine x3  
  181  13:15  Ghost  
  181  13:19  Marine x3  
  182  13:20  Ghost, Marine x2  
  182  13:25  Siege Tank  
  189  13:30  Marine x3  
  189  13:32  Ghost  
  189  13:33  Ghost  
  196  13:37  Marine x3  
  196  13:38  Marine  
  191  13:43  Ghost, Widow Mine  
  191  13:46  Marine  
  191  13:47  Marine  
  191  13:48  Marine x2  
  182  13:49  Marine  
  182  13:55  Medivac, Marine x4  
  176  13:58  Widow Mine  
  176  14:01  Planetary Fortress, Marine  
  176  14:02  Marauder  
  184  14:04  Marine  
  184  14:05  Marine x3  
  184  14:07  Marauder  
  188  14:11  Orbital Command  
  188  14:12  Marine  
  188  14:13  Marine x3, Marauder  
  188  14:15  Medivac  
  196  14:19  Marine  
  196  14:22  Ghost  
  199  14:27  Hi-Sec Auto Tracking, Neosteel Armor  
  197  14:45  Marauder x2, Marine x2  
  185  14:46  Siege Tank x2, Liberator, Medivac  
  185  14:49  Marine x3  
  200  15:05  Marine x2  
  200  15:14  Command Center  
  199  15:24  Fusion Core  
  199  15:25  Starport, Terran Vehicle Weapons Level 3  
  199  15:30  Marine  
  187  15:39  Marine  
  187  15:40  Marauder x2, Marine x3  
  187  15:41  Marine x3  
  171  15:44  Medivac x2  
  171  15:45  Marine x2  
  171  15:47  Marine  
  173  15:50  Widow Mine x2  
  173  15:51  Command Center  
  173  15:54  Command Center  
  175  15:57  Marine x2  
  175  15:58  Marine x3  
  175  15:59  Marine x2  
  175  16:00  Personal Cloaking, Ghost  
  175  16:01  Marauder  
  175  16:02  Ghost  
  175  16:03  Marine  
  189  16:05  Marine  
  189  16:15  Marine x3  
  190  16:21  Marauder  
  187  16:34  Marine x2  
  180  16:40  Marauder  
  180  16:43  Marauder  
  180  16:44  Marauder x2  
  173  16:47  Widow Mine x2  
  141  17:01  Marauder  
  141  17:03  Orbital Command  
  141  17:04  Orbital Command, Medivac x2  
  141  17:05  Marauder x3  
  141  17:06  Orbital Command, Marine x2  
  141  17:07  Marine x4  
  140  17:08  Widow Mine  
  140  17:09  Widow Mine  
  142  17:18  Orbital Command  
  144  17:22  Marauder  
  144  17:26  Marauder  
  144  17:27  Marauder  
  144  17:29  Marauder  
  142  17:30  Widow Mine x2  
  142  17:32  Marine x2  
  142  17:34  Marine x2, Medivac x2  
  142  17:36  Marine  
  147  17:38  Marine x2  
  147  17:42  Marine  
  150  17:44  Marauder  
  150  17:47  Marauder  
  150  17:48  Marauder  
  150  17:50  Marine  
  150  17:51  Marine, Widow Mine x2, Marauder  
  145  17:52  Marine  
  145  17:53  Marine  
  145  17:57  Marine x2  
  145  18:02  Terran Vehicle And Ship Armor Level 1  
  145  18:05  Marauder, Marine x2  
  135  18:09  Marauder x2  
  135  18:12  Marauder  
  120  18:13  Widow Mine  
  120  18:17  Marine x2, SCV x2  
  124  18:22  Marine  
  124  18:23  Liberator, Marine  
  124  18:24  Liberator  
  124  18:25  Starport Reactor, Advanced Ballistics  
  124  18:26  Widow Mine  
  124  18:27  SCV, Marauder  
  136  18:28  SCV  
  136  18:30  Marauder, SCV  
  143  18:34  Widow Mine  
  143  18:36  Planetary Fortress  
  143  18:38  SCV x3  
  143  18:41  SCV, Marine x3  
  145  18:42  Marine  
  145  18:45  Marine  
  138  18:48  SCV  
  138  18:49  SCV  
  138  18:50  SCV x2  
  138  18:51  SCV  
  138  18:54  SCV x2  
  138  18:55  Marine  
  141  18:58  Marine x2  
  124  19:05  Marauder  
  128  19:10  Marauder, Widow Mine x2, SCV x2  
  128  19:16  SCV x3  
  135  19:19  Marine, Marauder  
  137  19:25  Marine, Refinery x2  
  140  19:31  Marauder  
  140  19:38  Marauder, Marine x2  
  135  19:39  Marine x2, Marauder  
  135  19:41  Marine  
  142  19:49  Marauder  
  119  20:00  Medivac  
  119  20:02  Medivac  
  113  20:08  Marauder x2  
  113  20:10  Marauder  
  109  20:15  Orbital Command  
  81  20:28  SCV  
  78  20:39  Marine  
  66  20:50  Marine x6  
  66  20:56  Marine x5  
  67  21:00  Widow Mine  
  67  21:02  Orbital Command, Marine  
  68  21:04  Orbital Command  
  68  21:08  Marine x3  
  68  21:09  Marine x2  
  68  21:10  Marine  
  72  21:13  Marine  
  72  21:14  Marine x4  
  79  21:20  Marine  
  79  21:25  Marine  
Show
View Real Time Build Order
Export as new Build Order

Elazer Zerg 

Build Orders: Hatch First 

Get SALT Encoding   

  12  0:00  Drone  
  13  0:12  Overlord  
  13  0:17  Drone  
  14  0:30  Drone x2  
  16  0:47  Hatchery  
  15  0:51  Drone  
  15  0:55  Drone  
  17  0:58  Drone  
  18  1:09  Extractor  
  17  1:13  Spawning Pool  
  17  1:17  Drone  
  17  1:20  Drone  
  18  1:28  Drone  
  19  1:38  Drone  
  20  1:49  Drone  
  21  1:59  Queen x2  
  25  2:02  Zergling x4  
  27  2:10  Drone  
  27  2:11  Overlord  
  27  2:12  Metabolic Boost  
  28  2:31  Drone, Hatchery  
  28  2:32  Drone  
  28  2:35  Drone  
  29  2:43  Queen  
  31  2:46  Drone  
  31  2:49  Overlord  
  32  2:54  Drone x2  
  32  2:58  Drone  
  35  3:04  Overlord  
  35  3:08  Drone x3  
  35  3:09  Drone  
  39  3:14  Queen  
  41  3:21  Queen  
  43  3:27  Drone x2  
  43  3:28  Zergling x4  
  47  3:36  Drone  
  47  3:39  Overlord  
  47  3:40  Drone x2  
  50  3:44  Queen  
  50  3:45  Drone  
  53  3:48  Drone x2  
  53  3:51  Queen  
  57  3:57  Drone x4  
  61  4:03  Overlord  
  61  4:04  Drone  
  61  4:07  Drone  
  61  4:08  Overlord  
  63  4:17  Drone x2  
  63  4:22  Queen  
  63  4:23  Drone x4, Lair  
  71  4:28  Queen  
  71  4:30  Overlord  
  73  4:31  Drone  
  73  4:34  Zergling x2  
  73  4:37  Zergling x2  
  76  4:40  Drone x6  
  76  4:44  Roach Warren  
  81  4:47  Zergling x2  
  82  4:53  Zergling x10  
  82  4:56  Extractor, Spore Crawler  
  82  4:57  Extractor, Spore Crawler  
  83  5:00  Drone x3  
  83  5:04  Spore Crawler  
  83  5:06  Drone x5  
  90  5:17  Overlord  
  90  5:23  Extractor x2, Glial Reconstitution  
  90  5:26  Drone x2  
  90  5:28  Evolution Chamber x2  
  88  5:32  Roach  
  88  5:33  Overlord  
  98  5:35  Roach x4  
  98  5:36  Hatchery  
  98  5:39  Roach, Spine Crawler  
  98  5:44  Overlord  
  98  5:45  Overlord  
  98  5:50  Overlord x2  
  95  5:59  Drone x3  
  95  6:01  Zerg Melee Weapons Level 1, Zerg Ground Armor Level 1  
  97  6:04  Extractor  
  97  6:05  Drone x3  
  97  6:06  Drone  
  97  6:11  Roach x4  
  108  6:13  Overseer  
  108  6:16  Drone x2  
  110  6:21  Overlord  
  110  6:22  Infestation Pit  
  110  6:23  Roach x2  
  113  6:26  Roach  
  113  6:29  Overlord  
  112  6:36  Overseer  
  112  6:39  Drone x3  
  109  6:41  Roach x3  
  109  6:46  Roach x4  
  123  6:50  Zergling x2  
  123  6:51  Zergling x6  
  127  6:55  Baneling Nest  
  126  7:04  Zergling x16  
  126  7:05  Ravager x4  
  138  7:10  Hive  
  138  7:11  Drone x3  
  141  7:20  Drone x3  
  144  7:24  Overlord x3  
  144  7:25  Overlord x4  
  144  7:40  Extractor  
  144  7:41  Extractor  
  144  7:43  Drone x10  
  151  7:44  Drone x2  
  151  7:50  Centrifugal Hooks  
  153  7:55  Zergling x2  
  153  7:56  Zergling x16  
  153  7:57  Hatchery  
  161  8:07  Zergling x16  
  161  8:09  Zerg Ground Armor Level 2  
  169  8:13  Baneling x13  
  169  8:14  Ravager x2  
  169  8:15  Ravager  
  172  8:25  Zergling x24  
  169  8:34  Zergling x14  
  169  8:38  Zergling x4  
  167  8:48  Viper x3  
  163  8:57  Zergling x12  
  163  8:58  Adrenal Glands  
  164  9:03  Drone x2  
  164  9:08  Drone x2, Ultralisk Cavern  
  165  9:10  Baneling x4  
  165  9:12  Zergling x4  
  167  9:17  Hatchery  
  167  9:19  Zergling x8  
  167  9:21  Burrow  
  167  9:23  Zergling x2  
  167  9:24  Zergling x4  
  173  9:25  Baneling x5  
  172  9:35  Zergling x10  
  172  9:36  Zergling x10  
  168  9:46  Zergling x6  
  168  9:54  Zergling x12  
  168  9:55  Baneling x11  
  168  9:56  Zerg Melee Weapons Level 2  
  168  9:58  Ultralisk  
  168  9:59  Ultralisk  
  186  10:02  Overlord  
  186  10:08  Spore Crawler x2  
  184  10:16  Overlord x2  
  170  10:24  Zergling x2  
  170  10:25  Zergling x32  
  169  10:31  Chitinous Plating  
  169  10:33  Ultralisk  
  169  10:36  Ultralisk  
  175  10:44  Zergling x14  
  174  10:50  Zergling x4  
  176  10:57  Ultralisk x2  
  176  10:58  Overseer x2  
  176  11:00  Pneumatized Carapace  
  176  11:03  Drone x5  
  188  11:07  Drone x6  
  188  11:20  Hatchery  
  188  11:22  Ravager x2  
  188  11:25  Baneling x9  
  189  11:31  Drone x2  
  189  11:32  Hatchery  
  190  11:33  Extractor  
  190  11:34  Drone x2  
  190  11:35  Baneling  
  190  11:36  Baneling x9  
  177  11:47  Zergling x20  
  177  11:50  Zergling x4  
  179  12:06  Zergling x8  
  173  12:19  Zerg Ground Armor Level 3, Zerg Melee Weapons Level 3  
  173  12:20  Drone x8  
  181  12:25  Hatchery  
  180  12:33  Extractor  
  180  12:34  Drone  
  179  12:40  Zergling x26  
  183  12:46  Zergling x14  
  183  12:50  Zergling x2  
  178  13:05  Zergling x2  
  178  13:06  Zergling x14  
  178  13:08  Hatchery  
  181  13:17  Zergling x2  
  181  13:19  Baneling x17  
  179  13:21  Infestor x3  
  179  13:22  Infestor  
  179  13:23  Baneling x7  
  179  13:24  Zergling x18  
  196  13:36  Zergling x2  
  196  13:37  Zergling x4  
  187  13:42  Zergling x10  
  187  13:46  Zergling x2  
  178  13:53  Zergling x18  
  178  13:54  Zergling x2  
  182  14:00  Baneling x13  
  182  14:01  Drone, Infestor  
  181  14:04  Zergling x8  
  181  14:08  Zergling x4  
  186  14:14  Ultralisk  
  186  14:15  Overlord  
  186  14:17  Baneling x13  
  191  14:20  Overseer  
  191  14:21  Overseer  
  191  14:22  Overseer  
  191  14:25  Infestor  
  191  14:26  Hydralisk Den  
  191  14:27  Queen  
  190  14:41  Zergling x16  
  190  14:42  Zergling x4  
  185  14:46  Zergling x2  
  185  14:47  Zergling x8  
  185  14:49  Baneling x5  
  185  14:52  Hatchery  
  187  14:55  Ultralisk  
  187  14:56  Zerg Missile Weapons Level 1, Ultralisk  
  199  15:00  Infestor  
  199  15:05  Zergling x8  
  199  15:21  Zergling x2  
  187  15:38  Zergling x36  
  142  15:50  Ultralisk  
  142  15:51  Ultralisk x4  
  142  15:54  Zergling x6  
  175  15:59  Baneling x13  
  175  16:02  Zergling x10  
  173  16:12  Zergling x10  
  178  16:20  Extractor  
  178  16:21  Extractor  
  178  16:22  Spore Crawler  
  178  16:23  Zergling x34, Spore Crawler  
  169  16:40  Drone x4  
  169  16:41  Drone  
  166  16:47  Zergling x4  
  166  16:48  Zergling x6  
  166  16:49  Infestor  
  157  16:55  Zergling x2  
  157  16:56  Zergling x8  
  155  17:13  Zergling x8  
  158  17:19  Zergling x8  
  158  17:21  Hatchery  
  160  17:32  Zergling x8  
  160  17:36  Zergling x4  
  160  17:50  Zergling x12  
  146  17:53  Hatchery  
  146  17:55  Overseer  
  146  17:58  Zergling x4  
  132  18:06  Zergling x4  
  132  18:11  Ultralisk  
  132  18:12  Ultralisk  
  139  18:13  Zergling x4  
  140  18:22  Zergling x8  
  139  18:34  Drone x5  
  140  18:44  Overseer  
  140  18:47  Zergling x2  
  140  18:48  Zergling x8  
  134  19:01  Ultralisk x2  
  137  19:07  Zergling x10  
  130  19:11  Zergling x4  
  130  19:13  Zergling x2  
  133  19:18  Zergling x2  
  133  19:19  Zergling x6, Extractor  
  136  19:26  Zergling x14  
  143  19:34  Infestor x3  
  142  19:46  Zergling x20  
  133  19:59  Zergling x12  
  129  20:10  Infestor x2  
  123  20:16  Zergling x2  
  105  20:22  Zergling x2  
  105  20:26  Zergling x2  
  92  20:41  Zergling x6  
  94  20:52  Zergling x4, Infestor  
  94  20:55  Infestor x4  
  95  21:02  Zergling x4  
  97  21:10  Zergling x2  
  97  21:14  Zergling x2  
  97  21:21  Zergling x2  
Tags
 
Add a new tag
Caveats
  • Supply blocks, unpowered buildings, or Contaminate may cause inaccurate times.
  • Supply counts are checked every 10 seconds.